 Dungeon Crawl Stone Soup version 0.20.0-15-g7f486f2 (webtiles) character file.

37 renl the Charmwright (level 3, 0/30 HPs)
             Began as a Draconian Skald on June 22, 2017.
             Succumbed to an adder's poison
             ... on level 2 of the Dungeon.
             The game lasted 00:04:25 (1052 turns).

renl the Charmwright (Draconian Skald)              Turns: 1052, Time: 00:04:26

Health: 0/30       AC:  6    Str: 13    XL:     3   Next: 23%
Magic:  4/6        EV: 12    Int: 14    God:
Gold:   29         SH:  0    Dex: 10    Spells: 3/6 levels left

rFire    . . .     SeeInvis +   a - +0 mace
rCold    . . .     Gourm    .   (no shield)
rNeg     . . .     Faith    .   (armour unavailable)
rPois    .         Spirit   .   (helmet restricted)
rElec    .         Reflect  .   (no cloak)
rCorr    .         Harm     .   (no gloves)
MR       .....                  l - +0 pair of boots
Stlth    ++........             (no amulet)
Regen    0.1/turn               j - ring of stealth
MPRegen  0.1/turn               m - ring of see invisible

@: lethally poisoned (0 -> -7), shrouded (expiring), infused
A: unfitting armour, cold-blooded, AC +5
a: no special abilities


You were on level 2 of the Dungeon.
You were not hungry.

You visited 1 branch of the dungeon, and saw 2 of its levels.

You collected 29 gold pieces.

Inventory:

Hand Weapons
 a - a +0 mace (weapon)
Armour
 l - a +0 pair of boots (worn)
Jewellery
 j - a ring of stealth (left hand)
 m - a ring of see invisible (right hand)
Scrolls
 e - 4 scrolls of identify {unknown}
 f - a scroll of remove curse {unknown}
 g - 2 scrolls of teleportation {unknown}
Potions
 d - a potion of mutation {unknown}
 h - 3 potions of heal wounds {unknown}
 i - a potion of brilliance {unknown}
 k - a potion of agility {unknown}
Books
 b - a book of Battle

   Spells                             Type                      Level
   a - Infusion                       Charms                       1
   b - Shroud of Golubria             Charms/Translocation         2
   c - Song of Slaying                Charms                       2
   d - Spectral Weapon                Hexes/Charms                 3
   e - Regeneration                   Charms/Necromancy            3
Comestibles
 c - a bread ration
 n - 4 chunks of flesh


   Skills:
 * Level 2.3 Fighting
 * Level 2.4 Maces & Flails
 + Level 2.4 Dodging
 + Level 0.2 Stealth
 + Level 2.0 Spellcasting
 * Level 3.2 Charms
 + Level 0.2 Translocations


You had 3 spell levels left.
You knew the following spells:

 Your Spells              Type           Power        Failure   Level  Hunger
a - Infusion              Chrm           ##..         6%          1    ##.....
b - Shroud of Golubria    Chrm/Tloc      #.........   17%         2    ###....


Dungeon Overview and Level Annotations

Branches:
Dungeon (2/15)

Altars:


Innate Abilities, Weirdness & Mutations

Your plain brown scales are hard. (AC +5)
You cannot fit into any form of body armour.
You are cold-blooded and may be slowed by cold attacks.


Message History

The adder hisses angrily.
An adder comes into view.
There is an escape hatch in the floor here.
You miss the adder.
The adder hisses angrily.
You tail-slap the adder.
The adder is lightly wounded.
Your shroud bends the adder's attack away.
You barely miss the adder.
The adder is lightly wounded.
The adder bites you but does no damage. The adder closely misses you.
You barely miss the adder. You tail-slap the adder.
The adder is heavily wounded.
The adder bites you.
* * * LOW HITPOINT WARNING * * *
You are lethally poisoned!
The adder poisons you! The adder bites you.
* * * LOW HITPOINT WARNING * * *
Your shroud begins to fray at the edges.
You die...

#.#.#.#.#.#.#.#.#..#
.........)......#..#####
#.#.#.#)#<#.#.#.........
############.....รท.#####
#.##....# #.##..#.# .
#.###<..# ...
#.####..#.....
#....@>SS.....
###.##.##..... #.#### ###
#.# #.# ..# #.# # #.# #
..#


You could see 2 adders.

Vanquished Creatures
  2 gnolls (D:2)
  A leopard gecko (D:1)
  A ball python (D:1)
  A bat (D:2)
  2 hobgoblins
  4 kobolds
  2 frilled lizards (D:2)
  A goblin (D:1)
  4 rats
18 creatures vanquished.

Notes
Turn   | Place    | Note
-------+----------+-------------------------------------------
     0 | D:1      | renl the Draconian Skald began the quest for the Orb.
     0 | D:1      | Reached XP level 1. HP: 17/17 MP: 3/3
   682 | D:2      | Reached XP level 2. HP: 24/25 MP: 5/5
   728 | D:2      | Reached skill level 3 in Charms
   732 | D:2      | Learned a level 2 spell: Shroud of Golubria
   994 | D:2      | Reached XP level 3. HP: 9/30 MP: 0/6
  1051 | D:2      | HP: 1/30 [adder (4)]
  1052 | D:2      | Succumbed to an adder's poison

Skill      XL: |  1  2 |
---------------+-------+-----
Charms         | 3 |  3.2
Fighting       | |  2.3
Maces & Flails | |  2.4
Dodging        | |  2.4
Stealth        | |  0.2
Spellcasting   | |  2.0
Translocations | |  0.2

Action                   || total
-------------------------++-------
Melee: Mace              ||    51
       Tailslap          ||     3
 Cast: Infusion          ||     7
       Shroud of Golubri ||     4
 Stab: Sleeping          ||     2
  Eat: Chunk             ||     1
Armor: Skin              ||    13
Dodge: Dodged            ||    42
